AoeStats
← fRodos_

Hill Fort

506105197Analyzed
2v2 RM · 20d ago on Sep 12, 2026· 51m 17s· 4 players
Game mode
Random Map
Map size
Medium (4 player)
Population
200
Speed
Normal
Resources
Standard
Victory
Conquest
Starting age
Dark Age
Ending age
Imperial Age
RankedLock teamsTeams togetherTeam positionsShared explorationLock speedFull tech treeHidden civsTurbo modeCheats
Victory
Defeat
🇲🇽 Burgundians · Mexico
1045
+18
🇩🇪 Bohemians · Germany
1012
+19
🇭🇺 Inca · Hungary
1101
-19
🇭🇺 Teutons · Hungary
1071
-18
Joserro
2:25 Loom
9:18 Loom
11:22 Feudal Age
16:03 Castle Age
14:33 Double-Bit Axe
15:02 Horse Collar
15:20 Gold Mining
15:27 Gold Mining
17:16 Wheelbarrow
18:24 Fletching
26:46 Hand Cart
27:14 Scale Barding Armor
27:19 Forging
34:45 Imperial Age
32:54 Scale Mail Armor
33:16 Chain Barding Armor
33:10 Bow Saw
32:48 Town Watch
35:28 Burgundian Vineyards
35:58 Conscription
37:12 Two-Man Saw
36:35 Elite Coustillier
39:12 Iron Casting
41:04 Plate Barding Armor
41:29 Blast Furnace
42:58 Chemistry
42:10 Scale Mail Armor
42:35 Ballistics
42:51 Squires
45:15 Chain Mail Armor
45:30 Caravan
46:01 Coinage
46:12 Murder Holes
46:35 Masonry
50:03 Husbandry
51:01 Town Patrol
Lord Bendtner
4:41 Loom
5:27 Loom
10:48 Feudal Age
12:12 Wheelbarrow
11:25 Double-Bit Axe
17:31 Horse Collar
21:02 Castle Age
22:09 Bow Saw
22:01 Heavy Plow
22:20 Padded Archer Armor
23:58 Chemistry
27:19 Hand Cart
28:01 Leather Archer Armor
29:44 Caravan
37:18 Imperial Age
37:23 Capped Ram
40:07 Light Cavalry
41:05 Forging
41:01 Scale Barding Armor
43:36 Two-Man Saw
44:31 Houfnice
48:29 Chain Barding Armor
48:44 Iron Casting
48:48 Scale Mail Armor
48:10 Pikeman
48:51 Squires
fRodos_
4:16 Loom
11:30 Feudal Age
12:09 Champi Runner
12:36 Arson
13:27 Forging
16:55 Double-Bit Axe
16:55 Horse Collar
17:41 Scale Mail Armor
21:34 Castle Age
20:30 Gold Mining
20:36 Stone Mining
21:44 Champi Warrior
22:51 Squires
22:39 Pikeman
24:17 Chain Mail Armor
26:24 Iron Casting
27:38 Bow Saw
28:42 Crossbowman
29:29 Padded Archer Armor
29:22 Fletching
29:56 Padded Archer Armor
37:30 Ballistics
38:30 Wheelbarrow
38:11 Heavy Plow
39:11 Bodkin Arrow
41:34 Leather Archer Armor
42:19 Gold Shaft Mining
44:56 Thumb Ring
50:04 Imperial Age
48:53 Masonry
50:37 Elite Champi Warrior
lusza
1:34 Loom
10:40 Feudal Age
11:06 Double-Bit Axe
12:39 Horse Collar
13:54 Wheelbarrow
19:23 Castle Age
17:52 Scale Barding Armor
18:14 Forging
17:57 Arson
18:27 Scale Mail Armor
22:27 Squires
22:47 Bloodlines
24:10 Iron Casting
24:39 Bow Saw
24:38 Heavy Plow
25:18 Bow Saw
25:33 Chain Barding Armor
30:12 Fletching
31:56 Chain Mail Armor
31:45 Gambesons
34:55 Imperial Age
35:38 Cavalier
36:25 Elite Teutonic Knight
38:04 Conscription
39:33 Blast Furnace
40:49 Gold Mining
40:49 Stone Mining
42:20 Crop Rotation
42:56 Two-Man Saw
42:47 Paladin
45:23 Stone Shaft Mining
46:00 Plate Mail Armor
46:28 Hand Cart
49:04 Ironclad
50:29 Hoardings
Connection lost

Rejoining the realm…

Still unreachable

The connection could not be restored.

Session expired

The server has moved on; the page needs a fresh start.